AoeStats
← WaRLoOcK

Black Forest

509410122Analyzed
3v3 RM · 4d ago on Sep 26, 2026· 70m 14s· 6 players
Game mode
Random Map
Map size
Normal (6 player)
Population
200
Speed
Normal
Resources
Standard
Victory
Conquest
Starting age
Dark Age
Ending age
Imperial Age
RankedLock teamsTeams togetherTeam positionsShared explorationLock speedFull tech treeHidden civsTurbo modeCheats
Victory
Defeat
🇫🇷 Persians · France
711
+13
🇫🇷 Franks · France
675
+15
🇧🇷 Britons · Brazil
652
+16
🇪🇸 Bulgarians · Spain
871
-75
🇪🇸 Burgundians · Spain
542
-10
🇪🇸 Spanish · Spain
529
-10
ncatrix
16:31 Feudal Age
17:47 Wheelbarrow
17:01 Double-Bit Axe
17:13 Gold Mining
17:20 Stone Mining
22:16 Castle Age
23:37 Hand Cart
26:17 Bow Saw
26:46 Gold Shaft Mining
27:20 Scale Barding Armor
27:22 Husbandry
29:41 Chain Barding Armor
29:35 Masonry
29:56 Caravan
30:22 Guard Tower
32:18 Coinage
32:06 Fortified Wall
32:57 Treadmill Crane
33:40 Ballistics
37:59 Imperial Age
35:56 Siphons
37:22 Ordonnance Companies
38:00 Murder Holes
39:16 Chivalry
40:17 Plate Barding Armor
39:04 Cavalier
39:41 Cranequins
40:31 Padded Archer Armor
41:33 Chemistry
40:19 Arrowslits
40:42 Siege Engineers
41:47 Banking
42:39 Forging
42:58 Elite Throwing Axeman
44:15 Hoardings
44:36 Paladin
WaRLoOcK
12:12 Feudal Age
13:59 Double-Bit Axe
14:29 Horse Collar
17:03 Wheelbarrow
22:30 Castle Age
20:59 Gold Mining
21:03 Stone Mining
21:50 Fletching
22:11 Forging
22:02 Padded Archer Armor
22:03 Scale Mail Armor
24:35 Bow Saw
24:54 Heavy Plow
25:52 Gold Shaft Mining
25:20 Caravan
26:54 Hand Cart
28:15 Treadmill Crane
30:43 Ballistics
30:22 Bodkin Arrow
35:42 Imperial Age
33:18 Squires
33:05 Arson
32:42 Elite Skirmisher
33:45 Leather Archer Armor
35:02 Yeomen
36:41 Elite Longbowman
36:45 Pikeman
37:26 Heated Shot
38:21 Coinage
39:45 Chemistry
40:36 Two-Man Saw
40:40 Banking
40:50 Bracer
41:21 Ring Archer Armor
41:39 Loom
41:40 Town Watch
41:21 Halberdier
45:10 Iron Casting
44:51 Chain Mail Armor
46:41 Warwolf
55:53 Masonry
55:49 Siege Engineers
55:39 Murder Holes
55:55 Fortified Wall
55:36 Guard Tower
56:49 Blast Furnace
56:19 Plate Mail Armor
55:47 Herbal Medicine
56:08 Block Printing
60:49 Hoardings
59:45 Sappers
60:35 Conscription
thoji_fps
0:40 Loom
13:07 Feudal Age
13:41 Double-Bit Axe
14:39 Wheelbarrow
15:47 Town Watch
18:22 Horse Collar
22:41 Castle Age
21:51 Stone Mining
21:55 Gold Mining
23:27 Caravan
23:42 Bow Saw
23:39 Heavy Plow
24:38 Hand Cart
26:14 Stone Shaft Mining
27:35 Gold Shaft Mining
27:23 Town Patrol
29:11 Murder Holes
30:32 Masonry
32:53 Ballistics
36:53 Imperial Age
34:52 Kamandaran
34:59 Guard Tower
36:22 Scale Barding Armor
36:17 Scale Mail Armor
36:27 Forging
36:08 Fletching
36:18 Padded Archer Armor
36:31 Pikeman
37:12 Squires
36:57 Arson
37:23 Thumb Ring
36:39 Elite Skirmisher
36:39 Crossbowman
37:48 Conscription
38:04 Crop Rotation
38:39 Two-Man Saw
38:15 Architecture
38:50 Chemistry
38:48 Citadels
39:16 Hoardings
40:00 Leather Archer Armor
39:40 Bodkin Arrow
40:21 Iron Casting
40:01 Chain Mail Armor
40:03 Bloodlines
39:54 Husbandry
40:45 Elite War Elephant
42:03 Chain Barding Armor
41:15 Capped Ram
42:15 Onager
42:20 Siege Ram
44:02 Ring Archer Armor
44:04 Plate Mail Armor
44:52 Blast Furnace
45:02 Plate Barding Armor
47:31 Halberdier
69:39 Spies/Treason
LA TANQUETA
14:46 Feudal Age
15:49 Double-Bit Axe
20:59 Castle Age
19:27 Stone Mining
19:53 Bow Saw
23:01 Stone Shaft Mining
25:46 Two-Man Saw
25:08 Horse Collar
26:24 Wheelbarrow
28:15 Heavy Plow
31:05 Caravan
31:47 Gold Mining
32:17 Hand Cart
34:05 Crop Rotation
35:00 Gold Shaft Mining
38:36 Imperial Age
38:01 Fletching
38:21 Forging
38:12 Scale Mail Armor
38:24 Bodkin Arrow
39:34 Ballistics
39:27 Masonry
38:58 Treadmill Crane
40:18 Squires
40:59 Bracer
41:35 Iron Casting
41:16 Chain Mail Armor
42:30 Chemistry
42:03 Architecture
41:34 Elite Skirmisher
42:40 Murder Holes
43:50 Blast Furnace
43:21 Plate Mail Armor
42:57 Scale Barding Armor
42:53 Padded Archer Armor
42:36 Pikeman
44:00 Conscription
44:20 Hoardings
44:01 Burgundian Vineyards
43:55 Halberdier
46:42 Chain Barding Armor
46:37 Leather Archer Armor
47:59 Bombard Tower
48:56 Arson
50:48 Fortified Wall
51:51 Elite Coustillier
melauta
1:10 Loom
17:19 Feudal Age
19:40 Double-Bit Axe
22:43 Castle Age
22:58 Forging
22:57 Scale Barding Armor
22:52 Scale Mail Armor
24:11 Caravan
26:51 Pikeman
27:32 Squires
28:11 Iron Casting
27:42 Stone Mining
28:43 Horse Collar
33:21 Bow Saw
39:03 Imperial Age
37:30 Wheelbarrow
36:41 Town Watch
39:27 Hand Cart
39:10 Gold Mining
42:10 Chemistry
41:31 Ballistics
41:07 Murder Holes
41:30 Masonry
41:34 Fortified Wall
43:27 Inquisition
43:49 Supremacy
46:22 Two-Man Saw
47:16 Elite Conquistador
48:47 Padded Archer Armor
48:38 Fletching
49:11 Chain Barding Armor
49:07 Halberdier
51:32 Elite Skirmisher
52:28 Cavalier
58:40 Thumb Ring
e72zacor
3:28 Loom
14:40 Feudal Age
16:37 Double-Bit Axe
16:34 Horse Collar
18:47 Gold Mining
18:49 Stone Mining
18:55 Stone Mining
20:18 Forging
20:09 Scale Mail Armor
26:00 Castle Age
24:36 Fletching
28:20 Bow Saw
28:49 Iron Casting
28:49 Heavy Plow
28:47 Pikeman
29:30 Squires
30:49 Wheelbarrow
30:00 Town Watch
31:04 Caravan
31:26 Chain Mail Armor
32:11 Gold Shaft Mining
32:45 Bodkin Arrow
34:27 Hand Cart
35:56 Ballistics
35:33 Murder Holes
35:50 Masonry
39:17 Imperial Age
37:57 Padded Archer Armor
40:20 Town Patrol
40:54 Architecture
40:16 Heated Shot
41:31 Chemistry
40:38 Siege Engineers
41:07 Crop Rotation
40:48 Elite Skirmisher
41:39 Thumb Ring
42:52 Elite Konnik
45:51 Blast Furnace
45:21 Plate Mail Armor
46:49 Conscription
48:34 Bagains
47:58 Halberdier
61:09 Bracer
61:25 Leather Archer Armor
Connection lost

Rejoining the realm…

Still unreachable

The connection could not be restored.

Session expired

The server has moved on; the page needs a fresh start.